 Dungeon Crawl Stone Soup version 0.13-a0-2305-ge00d11d (webtiles) character file.

87 Kae the Firebug (level 3, -2/19 HPs)
             Began as a Tengu Fire Elementalist on July 9, 2013.
             Slain by Sigmund
             ... wielding a +6,+3 scythe of protection
              (12 damage)
             ... on Level 2 of the Dungeon.
             The game lasted 00:01:46 (2132 turns).

Kae the Firebug (Tengu Fire Elementalist)           Turns: 2132, Time: 00:01:46

HP  -2/19        AC  2     Str  8      XL: 3   Next: 68%
MP   7/7         EV 12     Int 16      God:
Gold 41          SH  0     Dex 14      Spells:  1 memorised,  5 levels left

Res.Fire  : . . .   See Invis. : .   (no weapon)
Res.Cold  : . . .   Warding    : .   a - +0 robe
Life Prot.: . . .   Conserve   : .   (no shield)
Res.Poison: .       Res.Corr.  : .   (helmet restricted)
Res.Elec. : .       Clarity    : .   (no cloak)
Sust.Abil.: . .     Spirit.Shd : .   (no gloves)
Res.Mut.  : .       Stasis     : .   (boots unavailable)
Res.Rott. : .       Flight     : .   (no amulet)
Saprovore : . . .                    (no ring)
                                     (no ring)

@: not resistant to hostile enchantments, fairly stealthy
A: beak, talons 3
a: no special abilities


You were on level 2 of the Dungeon.
You were near starving.

You visited 1 branch of the dungeon, and saw 2 of its levels.

You collected 21 gold pieces.

Inventory:

Armour
 a - a +0 robe (worn)
Magical devices
 j - a wand of fireball (5) {unknown}
Comestibles
 c - 2 bread rations
 d - a meat ration
 g - a pear
 i - a sausage
Scrolls
 e - 2 scrolls of curse jewellery {unknown}
 f - a scroll of teleportation {unknown}
 h - 2 scrolls of identify {unknown}
 l - a scroll of fear {unknown}
Jewellery
 k - an uncursed ring of fire {unknown}
Potions
 m - a potion of poison {unknown}
 n - a potion of magic {unknown}
Books
 b - a book of Flames

   Spells                             Type                      Level
   *Flame Tongue                      Conjuration/Fire             1
   Throw Flame                        Conjuration/Fire             2
   Conjure Flame                      Conjuration/Fire             3
   Inner Flame                        Hexes/Fire                   3
   Sticky Flame                       Conjuration/Fire             4
   Fireball                           Conjuration/Fire             5


   Skills:
 - Level 2.1 Dodging
 - Level 2.0 Stealth
 + Level 2.0 Spellcasting
 * Level 3.1 Conjurations
 * Level 3.7 Fire Magic


You had 5 spell levels left.
You knew the following spells:

 Your Spells              Type           Power        Failure   Level  Hunger
a - Flame Tongue          Conj/Fire      ##...        8%          1    #......


Dungeon Overview and Level Annotations

Branches:
Dungeon (2/27)

Altars:

Annotations
D:2 Sigmund


Innate Abilities, Weirdness & Mutations

You have a beak for a mouth.
You have claws for feet.


Message History

The bat hits you but does no damage. The bat barely misses you.
The bat closely misses you. The bat closely misses you. The bat misses you.
The bat barely misses you. The bat hits you. The bat closely misses you.
The bat closely misses you. The bat barely misses you.
The bat closely misses you. The bat hits you but does no damage.
Found 2 bubbling white potions.
Found a stone staircase leading up.
The bat barely misses you. The bat hits you but does no damage.
Found 6 gold pieces.
The bat hits you but does no damage. The adder completely misses you.
You hit the bat. Your kick misses the bat.
The bat is moderately wounded.
The bat misses you. The adder closely misses you. It hits you!
Ouch! That really hurt!
You die...

.# #...##.# #..... .###...##.#
##.... .......##.# #....
####...##.# ##### #...#
####.#.##.# #...#### ####...#
.....#....# #.!....# #...####
.....#....# ##.<....# #...#...
....<#....#####..b#...####.......
................@................
..#.......####+#.S#######.....###
...(......# #...r.r...........
#.##.#.##.# #.###########...##
..##...##.# #.# #...# ..........#
#.. ....... ..##...##.#### #.#
#######. #................$ .
#.##.#.##########.


You could see an adder, a bat and a rat.

Vanquished Creatures
  An adder (D:2)
  3 bats
  5 goblins
  5 hobgoblins
  7 jackals
  2 giant newts (D:1)
  7 kobolds
  4 rats (D:1)
34 creatures vanquished.

Vanquished Creatures (others)
  A kobold (D:2)
  A rat (D:1)
2 creatures vanquished.

Grand Total: 36 creatures vanquished

Notes
Turn   | Place    | Note
--------------------------------------------------------------
     0 | D:1      | Kae, the Tengu Fire Elementalist, began the quest for the Orb.
     0 | D:1      | Reached XP level 1. HP: 10/10 MP: 3/3
   363 | D:1      | Reached XP level 2. HP: 12/15 MP: 3/5
  1159 | D:1      | Reached XP level 3. HP: 3/19 MP: 7/7
  2107 | D:2      | Noticed Sigmund
  2132 | D:2      | Slain by Sigmund

Action                   || total
-------------------------++-------
Melee: Unarmed           ||    57
 Cast: Flame Tongue      ||    40
 Stab: Sleeping          ||     2
